 Dungeon Crawl Stone Soup version 0.31-a0-267-g3fc6992b3b (webtiles) character file.

Game seed: 11778432609322359221

520 qw the Shooter (level 7, 0/43 HPs)
             Began as a Gargoyle Hexslinger on July 13, 2023.
             Frozen to death by an endoplasm (4 damage)
             ... on level 4 of the Dungeon.
             The game lasted 00:01:20 (3393 turns).

qw the Shooter (Gargoyle Hexslinger)                Turns: 3393, Time: 00:01:21

Health: 0/43       AC: 11    Str: 11    XL:     7   Next: 21%
Magic:  8/8        EV: 11    Int: 14    God:
Gold:   199        SH:  0    Dex: 14    Spells: 7/8 levels left

rFire   . . .        Y - +3 sling
rCold   . . .        (no shield)
rNeg    + . .        p - +2 leather armour {Will+}
rPois   inf          (no helmet)
rElec   +            f - scarf {repulsion}
rCorr   .            (no gloves)
SInv    .            m - +0 pair of boots
Will    +....        (no amulet)
Stlth   +            (no ring)
HPRegen 0.27/turn    (no ring)
MPRegen 0.11/turn

%: repel missiles
@: no status effects
A: sickness immunity, AC +4, negative energy resistance 1, electricity
resistance, torment resistance 1, petrification resistance
a: no special abilities


You were on level 4 of the Dungeon.
You visited 1 branch of the dungeon, and saw 4 of its levels.

You collected 199 gold pieces.


Innate Abilities, Weirdness & Mutations

You are immune to sickness and miasma.
Your stone body is resilient. (AC +4)
You are immune to poison.
You resist negative energy. (rN+)
You are resistant to electric shocks. (rElec)
You are resistant to unholy torment.
You are immune to petrification.


   Skills:
 - Level 4.0 Fighting
 + Level 6.6 Ranged Weapons
 - Level 1.1 Armour
 - Level 1.5 Dodging
 - Level 1.0 Spellcasting
 - Level 2.6 Hexes


You had 7 spell levels left.
You knew the following spells:

 Your Spells              Type           Power      Damage    Failure   Level
a - Slow                  Hex            32%        N/A       12%         1

Your spell library contained the following spells:

 Spells                   Type           Power      Damage    Failure   Level
 Inner Flame              Hex/Fire       4%         N/A       52%         3
 Portal Projectile        Hex/Tloc       8%         N/A       52%         3
 Cause Fear               Hex            4%         N/A       75%         4

Inventory:

Hand Weapons
 Y - a +3 sling (weapon)
Armour
 f - a scarf of repulsion (worn)
 m - a +0 pair of boots (worn)
 p - a +2 leather armour of willpower (worn)
Scrolls
 a - 3 scrolls of identify
Potions
 b - a potion of enlightenment {unknown}
 d - a potion of cancellation
 e - a potion of curing {unknown}
 h - a potion of might {unknown}
 i - a potion of invisibility {unknown}
 j - a potion of haste

Dungeon Overview and Level Annotations

Branches:
Dungeon (4/15)
 Temple: D:4-7

Altars:
Fedhas
Sif Muna


Message History

The scorpion is lightly wounded.
The endoplasm closely misses you.
The scorpion stings you but does no damage.
The endoplasm misses you.
You shoot a sling bullet.
The sling bullet barely misses the scorpion.
The scorpion stings you but does no damage.
The endoplasm hits you.
You shoot a sling bullet.
The sling bullet barely misses the scorpion.
The scorpion barely misses you. The endoplasm freezes you.
You are frozen.
You shoot a sling bullet. The sling bullet hits the scorpion.
The scorpion is lightly wounded.
The scorpion stings you but does no damage.
The endoplasm freezes you.
You are frozen.
The scorpion closely misses you.
You shoot a sling bullet. The sling bullet hits the scorpion.
The scorpion is moderately wounded.
The scorpion closely misses you. The endoplasm barely misses you.
You shoot a sling bullet.
The sling bullet closely misses the scorpion.
The scorpion stings you but does no damage.
The endoplasm closely misses you.
You shoot a sling bullet. The sling bullet hits the scorpion.
The scorpion is heavily wounded.
The scorpion stings you but does no damage.
The endoplasm closely misses you.
The scorpion stings you but does no damage.
You shoot a sling bullet. The sling bullet hits the scorpion.
The scorpion is almost dead.
The endoplasm freezes you.
You are frozen.
The scorpion stings you.
You shoot a sling bullet. The sling bullet hits the scorpion.
The scorpion is almost dead.
The scorpion completely misses you. The endoplasm freezes you.
You are frozen.
You die...

##..# #. #####..(#
#. .......## #..
###..#### #..
##...... ...
#####....... #####'#
#......#####
......J#### #......#
#
......s@..###......#
#
.......##...#......#
# .......
###........# #
....... ##.......# #
.......
#.......#####
.......
#>...........
.......
##......#####
....... ######## # #


You could see a scorpion and an endoplasm.

Vanquished Creatures
  Sigmund (D:4)
  A scorpion (D:4)
  An orc priest (D:4)
  2 iguanas
  Natasha (twice) (D:4)
  2 orc wizards (D:4)
  3 gnolls (D:3)
  An adder (D:3)
  A white imp (D:4)
  4 worms
  3 dart slugs
  2 orcs
  2 bats
  6 endoplasms
  2 giant cockroaches
  3 goblins
  5 hobgoblins
  8 kobolds
  6 ball pythons
  6 frilled lizards
  9 rats
70 creatures vanquished.

Notes
Turn   | Place    | Note
-------+----------+-------------------------------------------
     0 | D:1      | qw the Gargoyle Hexslinger began the quest for the Orb.
     0 | D:1      | Reached XP level 1. HP: 12/12 MP: 2/2
     0 | D:1      | 0 ||| qw: Version: 0.3-a-52-g30416fa
     0 | D:1      | 0 ||| qw: Game counter: 7740
     0 | D:1      | 0 ||| qw: Melee chars always use a shield: true
     0 | D:1      | 0 ||| qw: God list: Okawaru
     0 | D:1      | 0 ||| qw: Allow faded altars: false
     0 | D:1      | 0 ||| qw: Do Orc after clearing Dungeon:15 true
     0 | D:1      | 0 ||| qw: Do second Lair branch before Depths: true
     0 | D:1      | 0 ||| qw: Lair rune preference: random
     0 | D:1      | 0 ||| qw: Goals: Normal
     0 | D:1      | 0 ||| PLANNING D:1-11
   123 | D:1      | Reached XP level 2. HP: 16/16 MP: 3/3
   321 | D:1      | Reached skill level 3 in Ranged Weapons
   621 | D:1      | Reached XP level 3. HP: 21/21 MP: 4/4
   776 | D:1      | 776 ||| UPGRADING to scarf of repulsion.
   781 | D:1      | 781 ||| UPGRADING to +0 leather armour.
   791 | D:1      | 791 ||| DROPPING +0 robe.
   792 | D:1      | 792 ||| UPGRADING to +0 pair of boots.
   797 | D:1      | 797 ||| UPGRADING to +0 ring mail.
   807 | D:1      | 807 ||| DROPPING +0 leather armour.
   808 | D:1      | 808 ||| UPGRADING to +2 leather armour of willpower.
   818 | D:1      | 818 ||| DROPPING +0 ring mail.
   819 | D:1      | 819 ||| READING scroll labelled CIGOTU REBRAG.
   822 | D:1      | 822 ||| READING scroll labelled QIKACH XODYOTEPT.
   823 | D:1      | 823 ||| READING scroll labelled ATHOAD JOTZENE.
   824 | D:1      | 824 ||| DRINKING 2 metallic inky potions.
   825 | D:1      | 825 ||| DROPPING scroll of poison.
  1022 | D:2      | Found a blossoming altar of Fedhas.
  1759 | D:2      | 1759 ||| READING scroll labelled YTEPSI TYP DUNAC.
  1760 | D:2      | 1760 ||| READING scroll labelled IVAAKLAAZI.
  1761 | D:2      | 1761 ||| DRINKING 2 red potions.
  1866 | D:2      | 1866 ||| DROPPING potion of berserk rage.
  2128 | D:3      | 2128 ||| READING scroll of enchant weapon.
  2128 | D:3      | 2128 ||| ENCHANTING +2 sling.
  2140 | D:3      | Reached XP level 4. HP: 26/26 MP: 5/5
  2231 | D:3      | Reached skill level 4 in Ranged Weapons
  2233 | D:3      | 2233 ||| FLEEEEING.
  2234 | D:3      | 2234 ||| FLEEEEING.
  2235 | D:3      | 2235 ||| FLEEEEING.
  2236 | D:3      | 2236 ||| FLEEEEING.
  2237 | D:3      | 2237 ||| FLEEEEING.
  2238 | D:3      | 2238 ||| FLEEEEING.
  2239 | D:3      | 2239 ||| FLEEEEING.
  2240 | D:3      | 2240 ||| FLEEEEING.
  2241 | D:3      | 2241 ||| FLEEEEING.
  2242 | D:3      | 2242 ||| FLEEEEING.
  2243 | D:3      | 2243 ||| FLEEEEING.
  2244 | D:3      | 2244 ||| FLEEEEING.
  2245 | D:3      | 2245 ||| FLEEEEING.
  2246 | D:3      | 2246 ||| FLEEEEING.
  2247 | D:3      | 2247 ||| FLEEEEING.
  2248 | D:3      | 2248 ||| FLEEEEING.
  2249 | D:3      | 2249 ||| FLEEEEING.
  2250 | D:3      | 2250 ||| FLEEEEING.
  2251 | D:3      | 2251 ||| STAIRDANCE
  2265 | D:2      | 2265 ||| DROPPING ring of magical power.
  2266 | D:2      | 2266 ||| DRINKING 2 black potions.
  2681 | D:3      | 2681 ||| READING 3 scrolls labelled MODAEF DEAPRO.
  2682 | D:3      | 2682 ||| DRINKING 2 puce potions.
  2683 | D:3      | 2683 ||| DROPPING 2 scrolls of fog.
  2684 | D:3      | 2684 ||| DROPPING potion of degeneration.
  2792 | D:4      | Noticed Sigmund
  2795 | D:4      | Noticed Natasha
  2806 | D:4      | Killed Natasha
  2807 | D:4      | Reached XP level 5. HP: 13/30 MP: 6/6
  2807 | D:4      | 2807 ||| FLEEEEING.
  2808 | D:4      | 2808 ||| FLEEEEING.
  2809 | D:4      | 2809 ||| FLEEEEING.
  2812 | D:4      | 2812 ||| FLEEEEING.
  2813 | D:4      | 2813 ||| FLEEEEING.
  2814 | D:4      | 2814 ||| FLEEEEING.
  2837 | D:4      | HP: 2/30 [Sigmund/+0 scythe (9)]
  2838 | D:4      | Killed Sigmund
  2839 | D:4      | Reached skill level 6 in Ranged Weapons
  2839 | D:4      | Reached XP level 6. HP: 3/35 MP: 7/7
  2839 | D:4      | 2839 ||| FLEEEEING.
  2840 | D:4      | 2840 ||| FLEEEEING.
  2841 | D:4      | 2841 ||| STAIRDANCE
  2974 | D:4      | 2974 ||| STAIRDANCE
  3117 | D:4      | Found the +8 Wrath of Trog {antimagic, *Rage Rampage}
  3145 | D:4      | Found a shimmering blue altar of Sif Muna.
  3146 | D:4      | 3146 ||| Stepping ~*~*~tactically~*~*~ (outnumbered).
  3146 | D:4      | Noticed Natasha
  3147 | D:4      | 3147 ||| Stepping ~*~*~tactically~*~*~ (outnumbered).
  3160 | D:4      | Reached skill level 3 in Fighting
  3163 | D:4      | Killed Natasha
  3164 | D:4      | Reached skill level 1 in Armour
  3240 | D:4      | Reached XP level 7. HP: 35/42 MP: 8/8
  3392 | D:4      | HP: 8/43 [frozen (4)]
  3392 | D:4      | HP: 3/43 [scorpion (5)]
  3393 | D:4      | Frozen to death by an endoplasm

Levels and vault maps discovered:
D:1:      onia_arrival_mini_spirals, layout_basic, minmay_3d_cube
D:2:      layout_rooms, serial_co_window_serial, co_window_paths_a,
          co_window_paths_b, co_window_paths_b, co_window_paths_a,
          co_window_corner_a, co_window_corner_a, co_window_of_opportunity_a,
          co_window_corner_a, co_window_paths_a, co_window_of_opportunity_c,
          co_window_2corner, co_window_corner_b, co_window_cross_4,
          co_window_of_opportunity_b, co_window_unsneaky_path_a,
          co_window_unsneaky_path_a, glass_columns_b, basic_altar
D:3:      layout_basic
D:4:      layout_basic, lemuel_tele_altar, uniq_sigmund, uniq_natasha

Skill      XL: |  1  2  3  4  5  6  7 |
---------------+----------------------+-----
Ranged Weapons | 3 4 6 |  6.6
Fighting       | 2 3 4 |  4.0
Armour         | 1 |  1.1
Dodging        | |  1.5
Spellcasting   | |  1.0
Hexes          | |  2.6

Action                     |  1- 3 |  4- 6 |  7- 9 || total
---------------------------+-------+-------+-------++-------
   Fire: Sling             |   128 |   122 |    22 ||   272
    Use: Scroll            |     6 |     1 |       ||     7
         Potion            |     2 |     2 |       ||     4
 Armour: Robe              |     6 |       |       ||     6
         Leather armour    |     6 |    36 |    14 ||    56
  Dodge: Dodged            |    25 |    38 |    23 ||    86
         Repelled          |     1 |     1 |       ||     2

Table legend:
 A = Non-vault XP
 B = Vault XP
 C = Vault XP percentage of total XP
 D = Non-vault monster count
 E = Vault monster count
 F = Vault count percentage of total count
                 A         B        C        D         E       F
            +---------+---------+-------+---------+---------+-------
      Total |     477 |     267 |  35.9 |      66 |       4 |   5.7
            +---------+---------+-------+---------+---------+-------
        D:1 |      28 |       6 |  17.6 |      17 |       2 |  10.5
        D:2 |      32 |       0 |   0.0 |      14 |       0 |   0.0
        D:3 |     129 |       0 |   0.0 |      24 |       0 |   0.0
        D:4 |     288 |     261 |  47.5 |      11 |       2 |  15.4
            +---------+---------+-------+---------+---------+-------
